AoeStats
← leburgan

Arabia

503730167Analyzed
4v4 RM · 1mo ago on Sep 2, 2026· 83m 42s· 8 players
Game mode
Random Map
Map size
Large (8 player)
Population
200
Speed
Normal
Resources
Standard
Victory
Conquest
Starting age
Dark Age
Ending age
Imperial Age
RankedLock teamsTeams togetherTeam positionsShared explorationLock speedFull tech treeHidden civsTurbo modeCheats
Victory
Defeat
🇺🇸 Muisca · United States
1013
+12
🇺🇸 Vietnamese · United States
989
+13
🇺🇸 Georgians · United States
974
+13
🇺🇸 Spanish · United States
952
+14
🇺🇸 Spanish · United States
948
-14
🇺🇸 Magyars · United States
941
-14
🇲🇽 Bengalis · Mexico
891
-36
🇺🇸 Huns · United States
889
-12
Zelroth
10:15 Feudal Age
16:27 Castle Age
15:19 Horse Collar
15:37 Loom
22:56 Bloodlines
27:38 Stone Mining
28:06 Scale Barding Armor
33:25 Double-Bit Axe
33:31 Gold Mining
33:55 Husbandry
39:48 Wheelbarrow
43:53 Imperial Age
42:28 Chain Barding Armor
45:12 Plate Barding Armor
44:00 Cavalier
46:26 Paladin
47:47 Light Cavalry
50:42 Gold Shaft Mining
50:18 Bow Saw
50:09 Heavy Plow
51:27 Hussar
61:46 Conscription
62:30 Heavy Cavalry Archer
63:35 Parthian Tactics
63:38 Recurve Bow
64:34 Hand Cart
65:02 Fletching
F R E E D O Mº
0:32 Loom
11:34 Feudal Age
20:53 Fletching
21:04 Padded Archer Armor
22:12 Forging
24:21 Castle Age
22:24 Horse Collar
22:30 Double-Bit Axe
22:53 Stone Mining
28:45 Town Watch
31:09 Ballistics
32:07 Murder Holes
34:41 Paiks
34:49 Treadmill Crane
35:30 Bow Saw
35:36 Gold Mining
36:39 Heavy Plow
38:14 Iron Casting
37:54 Bodkin Arrow
39:33 Leather Archer Armor
41:38 Town Patrol
44:06 Wheelbarrow
42:58 Man-at-Arms
43:25 Gambesons
43:41 Squires
44:09 Scale Mail Armor
45:12 Long Swordsman
45:39 Arson
51:12 Imperial Age
51:12 Two-Handed Swordsman
53:32 Blast Furnace
52:47 Chain Mail Armor
57:45 Champion
73:21 Pikeman
77:31 Halberdier
CovertSpy
11:18 Feudal Age
11:46 Horse Collar
11:53 Double-Bit Axe
15:15 Loom
18:24 Castle Age
15:55 Man-at-Arms
19:19 Wheelbarrow
19:06 Stone Mining
20:04 Gold Mining
24:49 Hand Cart
31:12 Fletching
31:22 Padded Archer Armor
31:33 Forging
31:24 Scale Mail Armor
31:30 Husbandry
31:40 Bloodlines
35:51 Imperial Age
33:07 Town Watch
32:46 Pikeman
33:27 Squires
33:12 Arson
33:54 Ballistics
33:52 Bodkin Arrow
37:43 Iron Casting
37:23 Chain Mail Armor
37:13 Scale Barding Armor
38:52 Heavy Plow
39:07 Bow Saw
40:19 Conscription
40:43 Hoardings
41:25 Chemistry
41:19 Fortified Wall
41:07 Murder Holes
41:51 Leather Archer Armor
42:18 Cavalier
44:16 Two-Man Saw
43:38 Paladin
45:42 Blast Furnace
46:24 Capped Ram
47:46 Town Patrol
48:24 Plate Mail Armor
48:14 Chain Barding Armor
48:36 Caravan
50:28 Stone Shaft Mining
51:58 Gambesons
53:16 Plate Barding Armor
53:34 Long Swordsman
55:21 Onager
55:23 Siege Ram
55:49 Two-Handed Swordsman
59:06 Champion
59:07 Halberdier
66:40 Bracer
67:10 Ring Archer Armor
66:56 Masonry
66:37 Guard Tower
66:33 Arrowslits
73:33 Architecture
73:26 Bombard Tower
73:42 Keep
Andychrist1984
0:28 Loom
12:34 Feudal Age
13:11 Double-Bit Axe
14:06 Wheelbarrow
14:11 Town Watch
15:54 Gold Mining
15:57 Stone Mining
16:35 Horse Collar
19:32 Forging
24:00 Castle Age
24:06 Fletching
25:17 Hand Cart
25:39 Bow Saw
25:27 Pikeman
27:07 Scale Mail Armor
28:34 Iron Casting
28:08 Heavy Plow
28:53 Scale Barding Armor
31:20 Gold Shaft Mining
31:13 Squires
34:29 Chain Mail Armor
35:28 Arson
40:23 Imperial Age
41:29 Conscription
40:31 Halberdier
40:51 Cavalier
43:14 Blast Furnace
43:26 Chain Barding Armor
44:47 Capped Ram
47:32 Husbandry
48:59 Paladin
50:28 Plate Barding Armor
50:07 Town Patrol
53:59 Two-Man Saw
54:29 Elite Tarkan
55:42 Parthian Tactics
54:37 Heavy Cavalry Archer
56:56 Caravan
58:25 Murder Holes
59:31 Chemistry
58:51 Ballistics
58:29 Bodkin Arrow
58:34 Padded Archer Armor
59:32 Sappers
63:19 Masonry
63:32 Elite Skirmisher
64:53 Bracer
65:09 Leather Archer Armor
73:22 Careening
73:23 Clinker Construction
78:46 Light Cavalry
79:37 Bloodlines
79:59 Hussar
leburgan
8:41 Loom
11:12 Feudal Age
11:51 Double-Bit Axe
11:48 Horse Collar
18:04 Castle Age
16:50 Bloodlines
19:02 Bow Saw
24:05 Heavy Plow
25:25 Husbandry
26:38 Wheelbarrow
28:14 Scale Barding Armor
31:04 Chain Barding Armor
30:35 Fletching
30:45 Padded Archer Armor
31:27 Pikeman
32:07 Elite Skirmisher
33:22 Hand Cart
36:09 Leather Archer Armor
36:59 Town Watch
37:40 Bodkin Arrow
37:49 Squires
38:03 Forging
38:19 Redemption
39:30 Town Patrol
38:53 Light Cavalry
40:14 Thumb Ring
40:51 Iron Casting
44:25 Imperial Age
42:28 Sanctity
42:25 Fervor
42:18 Devotion
45:15 Ballistics
46:06 Chemistry
45:40 Conscription
45:41 Supremacy
46:25 Two-Man Saw
46:03 Plate Barding Armor
45:28 Bracer
45:59 Ring Archer Armor
44:53 Imperial Skirmisher
45:24 Cavalier
45:55 Halberdier
50:06 Scale Mail Armor
51:06 Blast Furnace
51:41 Caravan
52:06 Hussar
56:39 Ballistics
56:31 Masonry
56:17 Murder Holes
56:32 Fortified Wall
58:50 Bombard Tower
59:00 Architecture
58:15 Paladin
69:50 Chain Mail Armor
81:06 Plate Mail Armor
[MD] James Buchanan
9:06 Loom
11:18 Feudal Age
12:07 Double-Bit Axe
13:15 Fletching
18:33 Horse Collar
23:26 Castle Age
23:18 Padded Archer Armor
29:03 Bodkin Arrow
29:48 Elite Skirmisher
31:01 Bow Saw
33:09 Ballistics
34:08 Wheelbarrow
41:27 Imperial Age
39:21 Squires
39:07 Arson
39:45 Heavy Plow
41:33 Forging
41:23 Scale Mail Armor
41:47 Hand Cart
42:07 Pikeman
42:15 Imperial Skirmisher
43:15 Bracer
44:04 Leather Archer Armor
45:11 Halberdier
48:33 Iron Casting
48:13 Chain Mail Armor
52:06 Two-Man Saw
54:06 Crossbowman
55:45 Gold Mining
55:19 Arbalester
59:23 Chemistry
61:01 Caravan
64:09 Plate Mail Armor
64:10 Ring Archer Armor
73:22 Thumb Ring
74:00 Siege Engineers
75:57 Guilds
77:15 Scale Barding Armor
84:15 Husbandry
84:26 Bloodlines
unwieldybiscuit
2:30 Loom
12:29 Feudal Age
14:45 Double-Bit Axe
18:11 Horse Collar
22:27 Castle Age
23:47 Pikeman
27:13 Bow Saw
28:26 Wheelbarrow
31:53 Bloodlines
37:37 Imperial Age
35:00 Elite Skirmisher
35:55 Forging
36:00 Husbandry
38:17 Hand Cart
39:10 Conscription
38:22 Cavalier
40:22 Elite Monaspa
42:28 Caravan
44:06 Man-at-Arms
44:15 Heavy Cavalry Archer
45:21 Parthian Tactics
45:11 Light Cavalry
46:08 Long Swordsman
46:50 Two-Handed Swordsman
48:03 Champion
48:53 Arrowslits
52:34 Halberdier
58:25 Hussar
66:54 Iron Casting
66:20 Scale Mail Armor
66:26 Scale Barding Armor
77:09 Chemistry
76:29 Ballistics
JakobSpener
8:24 Loom
10:35 Feudal Age
10:36 Champi Runner
14:18 Wheelbarrow
14:18 Double-Bit Axe
16:37 Fletching
17:21 Padded Archer Armor
17:25 Horse Collar
22:01 Castle Age
20:42 Gold Mining
21:09 Forging
22:30 Scale Mail Armor
23:50 Squires
25:08 Bow Saw
28:56 Hand Cart
30:03 Gold Shaft Mining
29:56 Chain Mail Armor
30:07 Heavy Plow
30:55 Sanctity
35:15 Fervor
35:18 Stone Mining
39:18 Ballistics
41:46 Stone Shaft Mining
42:03 Leather Archer Armor
41:44 Bodkin Arrow
45:44 Imperial Age
43:37 Town Watch
45:49 Iron Casting
47:28 Chemistry
46:50 Conscription
48:17 Block Printing
47:26 Pikeman
48:59 Bracer
49:15 Thumb Ring
50:59 Crop Rotation
50:01 Elite Temple Guard
51:25 Elite Guecha Warrior
53:20 Redemption
55:04 Two-Man Saw
54:23 Masonry
61:50 Crossbowman
64:23 Illumination
65:33 Plate Mail Armor
64:27 Arbalester
69:17 Town Patrol
76:50 Capped Ram
78:25 Murder Holes
Connection lost

Rejoining the realm…

Still unreachable

The connection could not be restored.

Session expired

The server has moved on; the page needs a fresh start.